TOP OF THE 1ST |
Oklahoma City HS Magicians batting - Pitching for Oceanside HS Pirates : LHP Mark Hayden
|
Pitching: LHP Mark Hayden
|
|
Batting: RHB Billy Gray
|
0-0: Called Strike 0-1: Ball 1-1: Swinging Strike 1-2: Foul Ball, location: 2F 1-2: Foul Ball, location: 2F 1-2: Strikes out looking
|
Batting: RHB Jeffrey Ball
|
0-0: Called Strike 0-1: Ball 1-1: Ground out 5-3 (Groundball, 5)
|
Batting: LHB Geoff May
|
0-0: Foul Ball, location: 2F 0-1: Foul Ball, location: 2F 0-2: Foul Ball, location: 2F 0-2: Ball 1-2: Ball 2-2: SINGLE (Flyball, 7S)
|
Batting: RHB Darrell Krieger
|
0-0: Ball Passed Ball! Geoff May to second 1-0: Ball 2-0: Ball 3-0: Base on Balls
|
Batting: LHB Marcus Hussey
|
0-0: Ball 1-0: Fly out, F7 (Flyball, 7)
|
Top of the 1st over - 0 run(s), 1 hit(s), 0 error(s), 2 left on base; Oklahoma City HS 0 - Oceanside HS 0 |
BOTTOM OF THE 1ST |
Oceanside HS Pirates batting - Pitching for Oklahoma City HS Magicians : RHP Lou Ferrell
|
Pitching: RHP Lou Ferrell
|
|
Batting: RHB Pancho Rodríguez
|
0-0: Foul Ball, location: 2F 0-1: Ball 1-1: Ball 2-1: Foul Ball, location: 2F 2-2: Foul Ball, location: 2F 2-2: Ball 3-2: SINGLE (Groundball, 6) (infield hit)
|
Batting: LHB Dylan Savill
|
0-0: Ball 1-0: Foul Ball, location: 2F 1-1: Foul Ball, location: 2F 1-2: Foul Ball, location: 2F 1-2: Foul Ball, location: 2F 1-2: Foul Ball, location: 2F 1-2: Ground out 6-3 (Groundball, 6M) Pancho Rodríguez to second
|
Batting: LHB Ron Young
|
0-0: Ball 1-0: Called Strike 1-1: Hit by Pitch
|
Batting: RHB Heath Jones
|
0-0: Ball 1-0: Foul Ball, location: 2F 1-1: Ball 2-1: Foul Ball, location: 2F 2-2: Ball 3-2: Foul Ball, location: 2F 3-2: Base on Balls Pancho Rodríguez to third Ron Young to second
|
Pitching: RHP Sherman Daniels
|
|
Batting: RHB Luis Viña
|
0-0: Swinging Strike 0-1: Ball 1-1: Swinging Strike 1-2: Foul Ball, location: 2F 1-2: Strikes out swinging
|
Batting: RHB Charles Collins
|
0-0: Ball 1-0: Called Strike 1-1: Foul Ball, location: 2F 1-2: Ball 2-2: Fly out, F9 (Flyball, 9)
|
Bottom of the 1st over - 0 run(s), 1 hit(s), 0 error(s), 3 left on base; Oklahoma City HS 0 - Oceanside HS 0 |
TOP OF THE 2ND |
Oklahoma City HS Magicians batting - Pitching for Oceanside HS Pirates : LHP Mark Hayden
|
Batting: LHB Fletcher White
|
0-0: Ball 1-0: Ball 2-0: Foul Ball, location: 2F 2-1: Ball 3-1: Called Strike 3-2: SINGLE (Groundball, 4) (infield hit)
|
Batting: SHB Royce Griffin
|
0-0: Foul Ball, location: 2F 0-1: Called Strike 0-2: Ball 1-2: Strikes out looking
|
Batting: SHB Ron Robinson
|
0-0: Ball 1-0: Called Strike Fletcher White steals 2nd base 1-1: Swinging Strike 1-2: Fly out, F3 (Popup, 3L)
|
Batting: LHB Jason Thomas
|
0-0: Called Strike 0-1: Ground out 4-3 (Groundball, 4M)
|
Top of the 2nd over - 0 run(s), 1 hit(s), 0 error(s), 1 left on base; Oklahoma City HS 0 - Oceanside HS 0 |
BOTTOM OF THE 2ND |
Oceanside HS Pirates batting - Pitching for Oklahoma City HS Magicians : RHP Sherman Daniels
|
Batting: RHB Ernest Payne
|
0-0: Swinging Strike 0-1: Ball 1-1: Foul Ball, location: 2F 1-2: Ball 2-2: Strikes out swinging
|
Batting: RHB Howard Brown
|
0-0: Fly out, F7 (Flyball, 7LM)
|
Batting: RHB John Evans
|
0-0: Ball 1-0: Fly out, F8 (Line Drive, 8RM)
|
Bottom of the 2nd over - 0 run(s), 0 hit(s), 0 error(s), 0 left on base; Oklahoma City HS 0 - Oceanside HS 0 |
TOP OF THE 3RD |
Oklahoma City HS Magicians batting - Pitching for Oceanside HS Pirates : LHP Mark Hayden
|
Batting: RHB Billy Gray
|
0-0: Called Strike 0-1: Ball 1-1: Ball 2-1: Reached via error on a dropped throw, E3
|
Batting: RHB Jeffrey Ball
|
0-0: Ball Billy Gray is caught stealing 2nd base 1-0: Ball 2-0: Ball 3-0: Called Strike 3-1: Base on Balls
|
Batting: LHB Geoff May
|
0-0: Ball 1-0: Ball 2-0: Ball 3-0: Base on Balls Jeffrey Ball to second
|
Batting: RHB Darrell Krieger
|
0-0: Ball Jeffrey Ball steals 3rd base Geoff May to second 1-0: Ball 2-0: Called Strike 2-1: Called Strike 2-2: Ball 3-2: Strikes out swinging
|
Batting: LHB Marcus Hussey
|
0-0: Called Strike 0-1: Foul Ball, location: 2F 0-2: Ball 1-2: Ball 2-2: SINGLE (Groundball, 34D) Jeffrey Ball scores Geoff May to third Runner from 3rd tries for Home, SAFE, throw made home Marcus Hussey to second
|
Batting: LHB Fletcher White
|
0-0: Swinging Strike 0-1: Foul Ball, location: 2F 0-2: Strikes out swinging
|
Top of the 3rd over - 2 run(s), 1 hit(s), 1 error(s), 1 left on base; Oklahoma City HS 2 - Oceanside HS 0 |
BOTTOM OF THE 3RD |
Oceanside HS Pirates batting - Pitching for Oklahoma City HS Magicians : RHP Sherman Daniels
|
Batting: RHB Pancho Rodríguez
|
0-0: SINGLE (Groundball, 6) (infield hit)
|
Batting: LHB Dylan Savill
|
0-0: Ball 1-0: Called Strike 1-1: Fly out, F4 (Line Drive, 34D)
|
Batting: LHB Ron Young
|
0-0: Ball Pancho Rodríguez steals 2nd base 1-0: Swinging Strike 1-1: Ground out U3 (Groundball, 34S) Pancho Rodríguez to third
|
Batting: RHB Heath Jones
|
0-0: Called Strike 0-1: Foul Ball, location: 2F 0-2: Foul Ball, location: 2F 0-2: Ball 1-2: Foul Ball, location: 2F 1-2: Ball 2-2: Ball 3-2: Foul Ball, location: 2F 3-2: SINGLE (Groundball, 34D) Pancho Rodríguez scores
|
Batting: RHB Luis Viña
|
0-0: Ball 1-0: Reached on error, E4 (Groundball, 4) Heath Jones to second
|
Batting: RHB Charles Collins
|
0-0: Foul Ball, location: 2F 0-1: Ball 1-1: Foul Ball, location: 2F 1-2: Foul Ball, location: 2F 1-2: Foul Ball, location: 2F 1-2: Ball 2-2: Foul Ball, location: 2F 2-2: Ground out 1-3 (Groundball, 13S)
|
Bottom of the 3rd over - 1 run(s), 2 hit(s), 1 error(s), 2 left on base; Oklahoma City HS 2 - Oceanside HS 1 |
TOP OF THE 4TH |
Oklahoma City HS Magicians batting - Pitching for Oceanside HS Pirates : LHP Mark Hayden
|
Batting: SHB Royce Griffin
|
0-0: SINGLE (Groundball, 56D)
|
Batting: SHB Ron Robinson
|
0-0: Called Strike 0-1: Called Strike 0-2: Ball 1-2: Strikes out swinging
|
Batting: LHB Jason Thomas
|
0-0: Ball 1-0: Ball 2-0: Called Strike 2-1: Foul Ball, location: 2F 2-2: Foul Ball, location: 2F 2-2: Strikes out looking
|
Batting: RHB Billy Gray
|
0-0: Fly out, F8 (Flyball, 78M)
|
Top of the 4th over - 0 run(s), 1 hit(s), 0 error(s), 1 left on base; Oklahoma City HS 2 - Oceanside HS 1 |
BOTTOM OF THE 4TH |
Oceanside HS Pirates batting - Pitching for Oklahoma City HS Magicians : RHP Sherman Daniels
|
Batting: RHB Ernest Payne
|
0-0: Called Strike 0-1: Swinging Strike 0-2: Strikes out looking
|
Batting: RHB Howard Brown
|
0-0: Fly out, F9 (Line Drive, 9)
|
Batting: RHB John Evans
|
0-0: Called Strike 0-1: Called Strike 0-2: Ball 1-2: Strikes out looking
|
Bottom of the 4th over - 0 run(s), 0 hit(s), 0 error(s), 0 left on base; Oklahoma City HS 2 - Oceanside HS 1 |
TOP OF THE 5TH |
Oklahoma City HS Magicians batting - Pitching for Oceanside HS Pirates : LHP Mark Hayden
|
Batting: RHB Jeffrey Ball
|
0-0: Foul Ball, location: 2F 0-1: Ball 1-1: SINGLE (Groundball, 56D)
|
Batting: LHB Geoff May
|
0-0: Foul Ball, location: 2F 0-1: Foul Ball, location: 2F 0-2: Fielders Choice at 2nd, 3-6 (Groundball, 3)
|
Pitching: LHP Valentín García
|
|
Batting: RHB Darrell Krieger
|
0-0: Called Strike 0-1: Called Strike 0-2: Ball 1-2: Ball 2-2: Grounds into double play, 6-4-3 (Groundball, 6M)
|
Top of the 5th over - 0 run(s), 1 hit(s), 0 error(s), 0 left on base; Oklahoma City HS 2 - Oceanside HS 1 |
BOTTOM OF THE 5TH |
Oceanside HS Pirates batting - Pitching for Oklahoma City HS Magicians : RHP Sherman Daniels
|
Pitching: RHP Clifford Sullivan
|
|
Batting: RHB Pancho Rodríguez
|
0-0: Ground out 3-1 (Groundball, 34S)
|
Batting: LHB Dylan Savill
|
0-0: Ball 1-0: Ball 2-0: Called Strike 2-1: Foul Ball, location: 2F 2-2: Ball 3-2: Foul Ball, location: 2F 3-2: Base on Balls
|
Batting: LHB Ron Young
|
0-0: Called Strike 0-1: Foul Ball, location: 2F 0-2: SINGLE (Groundball, 56S) (infield hit) Dylan Savill to second
|
Batting: RHB Heath Jones
|
0-0: Ball 1-0: Called Strike 1-1: Foul Ball, location: 2F 1-2: Ball 2-2: SINGLE (Groundball, 6D) Dylan Savill to third Ron Young to second Runner from 3rd tries for Home, SAFE, throw made home
|
Batting: RHB Luis Viña
|
0-0: Ball 1-0: Ball 2-0: Ball 3-0: Base on Balls Ron Young to third Heath Jones to second
|
Batting: RHB Charles Collins
|
0-0: Ball 1-0: Ball 2-0: Ball 3-0: Called Strike 3-1: Foul Ball, location: 2F 3-2: Strikes out swinging
|
Batting: RHB Ernest Payne
|
0-0: Foul Ball, location: 2F 0-1: Foul Ball, location: 2F 0-2: Strikes out swinging
|
Bottom of the 5th over - 1 run(s), 2 hit(s), 0 error(s), 3 left on base; Oklahoma City HS 2 - Oceanside HS 2 |
TOP OF THE 6TH |
Oklahoma City HS Magicians batting - Pitching for Oceanside HS Pirates : LHP Valentín García
|
Batting: LHB Marcus Hussey
|
0-0: Swinging Strike 0-1: Ball 1-1: Ground out 3-1 (Groundball, 34)
|
Batting: LHB Fletcher White
|
0-0: Ball 1-0: Ball 2-0: Ball 3-0: Base on Balls
|
Batting: SHB Royce Griffin
|
0-0: Called Strike 0-1: Foul Ball, location: 2F 0-2: Ball 1-2: Ball 2-2: Ball 3-2: Ground out U3 (Groundball, 34) Fletcher White to second
|
Batting: SHB Ron Robinson
|
0-0: Called Strike 0-1: Fly out, F6 (Popup, 4MS)
|
Top of the 6th over - 0 run(s), 0 hit(s), 0 error(s), 1 left on base; Oklahoma City HS 2 - Oceanside HS 2 |
BOTTOM OF THE 6TH |
Oceanside HS Pirates batting - Pitching for Oklahoma City HS Magicians : RHP Clifford Sullivan
|
Batting: RHB Howard Brown
|
0-0: Called Strike 0-1: Ball 1-1: Ball 2-1: Foul Ball, location: 2F 2-2: Ball 3-2: Ground out 4-3 (Groundball, 4)
|
Batting: RHB John Evans
|
0-0: Called Strike 0-1: Foul Ball, location: 2F 0-2: Foul Ball, location: 2F 0-2: Strikes out swinging
|
Batting: RHB Pancho Rodríguez
|
0-0: Ball 1-0: Foul Ball, location: 2F 1-1: Ball 2-1: Ball 3-1: Foul Ball, location: 2F 3-2: Ground out 1-3 (Groundball, 13)
|
Bottom of the 6th over - 0 run(s), 0 hit(s), 0 error(s), 0 left on base; Oklahoma City HS 2 - Oceanside HS 2 |
TOP OF THE 7TH |
Oklahoma City HS Magicians batting - Pitching for Oceanside HS Pirates : LHP Valentín García
|
Batting: LHB Jason Thomas
|
0-0: Ball 1-0: Fly out, F2 (Popup, 23)
|
Batting: RHB Billy Gray
|
0-0: Ball 1-0: Ball 2-0: Ball 3-0: Base on Balls
|
Batting: RHB Jeffrey Ball
|
0-0: SINGLE (Groundball, 56D) Billy Gray to second
|
Batting: LHB Geoff May
|
0-0: Ball 1-0: Ball Billy Gray steals 3rd base Jeffrey Ball to second 2-0: Foul Ball, location: 2F 2-1: Ball 3-1: Base on Balls
|
Batting: RHB Darrell Krieger
|
0-0: Fly out, F8 (Flyball, 8RS)
|
Batting: LHB Marcus Hussey
|
0-0: Called Strike 0-1: Swinging Strike 0-2: Ball 1-2: Ball 2-2: Foul Ball, location: 2F 2-2: SINGLE (Flyball, 78S) Billy Gray scores Jeffrey Ball to third Geoff May to second Runner from 3rd tries for Home, SAFE, no throw
|
Pitching: RHP Andrew Owens
|
|
Batting: LHB Fletcher White
|
0-0: Ball 1-0: Ball 2-0: Swinging Strike 2-1: Ball 3-1: Swinging Strike 3-2: Foul Ball, location: 2F 3-2: Base on Balls Geoff May to third Marcus Hussey to second
|
Batting: SHB Royce Griffin
|
0-0: Swinging Strike 0-1: Ball 1-1: Ball 2-1: Foul Ball, location: 2F 2-2: Strikes out looking
|
Top of the 7th over - 2 run(s), 2 hit(s), 0 error(s), 3 left on base; Oklahoma City HS 4 - Oceanside HS 2 |
BOTTOM OF THE 7TH |
Oceanside HS Pirates batting - Pitching for Oklahoma City HS Magicians : RHP Clifford Sullivan
|
Batting: LHB Dylan Savill
|
0-0: Ball 1-0: Fly out, F7 (Flyball, 7)
|
Batting: LHB Ron Young
|
0-0: Foul Ball, location: 2F 0-1: Ball 1-1: SINGLE (Groundball, 25) (infield hit)
|
Batting: RHB Heath Jones
|
0-0: Foul Ball, location: 2F 0-1: Ball 1-1: Called Strike 1-2: 2-RUN HOME RUN (Flyball, 8RXD), Distance : 451 ft
|
Pitching: RHP Chris Frye
|
|
Batting: RHB Luis Viña
|
0-0: Called Strike 0-1: Ball 1-1: SINGLE (Flyball, 8RS)
|
Batting: RHB Charles Collins
|
0-0: Called Strike Luis Viña steals 2nd base 0-1: Ball 1-1: Intentional Walk
|
Batting: RHB Ernest Payne
|
0-0: Called Strike Luis Viña steals 3rd base Charles Collins to second 0-1: Swinging Strike 0-2: Strikes out looking
|
Batting: RHB Howard Brown
|
0-0: Ball Wild Pitch! Luis Viña scores Charles Collins to third 1-0: Foul Ball, location: 2F 1-1: Ball 2-1: Called Strike 2-2: Strikes out swinging
|
Bottom of the 7th over - 3 run(s), 3 hit(s), 0 error(s), 1 left on base; Oklahoma City HS 4 - Oceanside HS 5 |
TOP OF THE 8TH |
Oklahoma City HS Magicians batting - Pitching for Oceanside HS Pirates : RHP Andrew Owens
|
Pitching: RHP John Belcher
|
|
Batting: SHB Ron Robinson
|
0-0: Ball 1-0: Ball 2-0: Called Strike 2-1: Swinging Strike 2-2: Foul Ball, location: 2F 2-2: Ball 3-2: Strikes out swinging
|
Pitching: LHP Henry Bell
|
|
Batting: LHB Jason Thomas
|
0-0: Called Strike 0-1: Ball 1-1: Swinging Strike 1-2: Ball 2-2: Foul Ball, location: 2F 2-2: Strikes out swinging
|
Pitching: LHP Jude Hatfield
|
|
Batting: RHB Billy Gray
|
0-0: Called Strike 0-1: Ball 1-1: Swinging Strike 1-2: Strikes out swinging
|
Top of the 8th over - 0 run(s), 0 hit(s), 0 error(s), 0 left on base; Oklahoma City HS 4 - Oceanside HS 5 |
BOTTOM OF THE 8TH |
Oceanside HS Pirates batting - Pitching for Oklahoma City HS Magicians : RHP Chris Frye
|
Batting: RHB John Evans
|
0-0: Ball 1-0: Swinging Strike 1-1: Ground out 6-3 (Groundball, 6)
|
Batting: RHB Pancho Rodríguez
|
0-0: Foul Ball, location: 2F 0-1: Ball 1-1: Foul Ball, location: 2F 1-2: SINGLE (Groundball, 4MD)
|
Pitching: LHP Luis Hernández
|
|
Batting: LHB Dylan Savill
|
0-0: Ball 1-0: Foul Ball, location: 2F 1-1: Foul Ball, location: 2F 1-2: Ball 2-2: Ball 3-2: Foul Ball, location: 2F 3-2: Grounds into double play, 4-6-3 (Groundball, 34)
|
Bottom of the 8th over - 0 run(s), 1 hit(s), 0 error(s), 0 left on base; Oklahoma City HS 4 - Oceanside HS 5 |
TOP OF THE 9TH |
Oklahoma City HS Magicians batting - Pitching for Oceanside HS Pirates : LHP Jude Hatfield
|
Pitching: RHP Roger MacFadden
|
|
Pinch Hitting: LHB Andrew Chambers
|
0-0: Called Strike 0-1: Ball 1-1: SINGLE (Groundball, 6MD)
|
Batting: LHB Geoff May
|
0-0: Foul Ball, location: 2F 0-1: Foul Ball, location: 2F 0-2: Fielders Choice at 2nd, 1-6 (Groundball, 13)
|
Batting: RHB Darrell Krieger
|
0-0: Called Strike 0-1: Foul Ball, location: 2F 0-2: Ball 1-2: Ball 2-2: Foul Ball, location: 2F 2-2: Strikes out swinging
|
Batting: LHB Marcus Hussey
|
0-0: Ball 1-0: Ball 2-0: Ball 3-0: Called Strike 3-1: Foul Ball, location: 2F 3-2: Foul Ball, location: 2F 3-2: Fly out, F7 (Flyball, 7)
|
Top of the 9th over - 0 run(s), 1 hit(s), 0 error(s), 1 left on base; Oklahoma City HS 4 - Oceanside HS 5 |
|